 Dungeon Crawl Stone Soup version 0.29-a0-700-g2f1814c7b2 (webtiles) character file.

Game seed: 215875764873234145

196 HoaS the Bolt Thrower (level 5, -4/30 HPs)
             Began as a Tengu Hunter on June 25, 2022.
             Slain by an iguana (7 damage)
             ... on level 4 of the Dungeon.
             The game lasted 00:03:58 (2917 turns).

HoaS the Bolt Thrower (Tengu Hunter)                Turns: 2917, Time: 00:03:58

Health: -4/30      AC:  7    Str: 12    XL:     5   Next: 74%
Magic:  6/6        EV: 14    Int:  9    God:
Gold:   72         SH:  0    Dex: 19    Spells: 4/4 levels left

rFire   . . .      SeeInvis .   a - +1 hand crossbow
rCold   . . .      Faith    .   (no shield)
rNeg    . . .      Spirit   .   b - +0 leather armour
rPois   +          Reflect  .   (helmet restricted)
rElec   .          Harm     .   (no cloak)
rCorr   .          Rampage  .   (no gloves)
Will    .....                   (boots unavailable)
Stlth   ++........              i - amulet of regeneration
HPRegen 0.90/turn               m - ring of poison resistance
MPRegen 0.10/turn               k - +4 ring of protection

@: flying quickly and evasively, quick
A: beak, talons 3, nimble flight
a: no special abilities


You were on level 4 of the Dungeon.
You visited 1 branch of the dungeon, and saw 4 of its levels.

You collected 72 gold pieces.

Inventory:

Hand Weapons
 a - a +1 hand crossbow (weapon)
Armour
 b - a +0 leather armour (worn)
Jewellery
 i - an amulet of regeneration (around neck)
 j - a ring of protection from fire
 k - a +4 ring of protection (right hand)
 m - a ring of poison resistance (left hand)
Scrolls
 c - 2 scrolls of immolation
Potions
 d - a potion of might
 e - a potion of brilliance {unknown}
 f - a potion of flight {unknown}
 g - 2 potions of heal wounds {unknown}
 h - 2 potions of resistance
 l - a potion of curing


   Skills:
 - Level 2.0 Fighting
 + Level 7.5 Crossbows
 - Level 2.1 Dodging
 - Level 1.0 Stealth


You had 4 spell levels left.
You didn't know any spells.
Your spell library contained the following spells:

 Spells                   Type           Power      Damage    Failure   Level
 Sandblast                Erth           0%         2d4       45%         1
 Passwall                 Tmut/Erth      0%         N/A       61%         2
 Stone Arrow              Conj/Erth      0%         3d7       83%         3


Dungeon Overview and Level Annotations

Branches:
Dungeon (4/15)
 Temple: D:4-7

Altars:
Hepliaklqana
Uskayaw


Innate Abilities, Weirdness & Mutations

You have a beak for a mouth.
You have claws for feet.
Your magical nature lets you fly swiftly and evasively.


Message History

There is a stone staircase leading down here.
The frilled lizard unfolds its giant frill.
You shoot a bolt. The bolt misses the frilled lizard.
The frilled lizard unfolds its giant frill.
The frilled lizard closely misses you.
You shoot a bolt. The bolt hits the frilled lizard.
You kill the frilled lizard!
The iguana bites you but does no damage.
You shoot a bolt. The bolt hits the iguana.
The iguana is lightly wounded.
The iguana barely misses you.
You shoot a bolt. The bolt closely misses the iguana.
The bolt hits the frilled lizard!
You kill the frilled lizard!
The iguana bites you but does no damage.
You shoot a bolt. The bolt hits the iguana.
The iguana is heavily wounded.
The iguana bites you.
You shoot a bolt. The bolt closely misses the iguana.
The bolt barely misses the frilled lizard.
The iguana bites you!
You are too injured to fight recklessly!
You are too injured to fight recklessly!
You are too injured to fight recklessly!
You are too injured to fight recklessly!
Shoot: a) +1 hand crossbow
Press: ? - help, Q - select action Shift-Dir - straight line, f/p - iguana
Aim: an iguana (heavily wounded, 70% to hit)
You shoot a bolt. The bolt hits the iguana.
The iguana is severely wounded.
The iguana bites you!
* * * LOW HITPOINT WARNING * * *
Shoot: a) +1 hand crossbow
Press: ? - help, Q - select action Shift-Dir - straight line, f/p - iguana
Aim: an iguana (severely wounded, 70% to hit)
You shoot a bolt.
The bolt hits the iguana but does no damage.
The iguana is severely wounded.
The iguana bites you!
You die...

,,,,,,,,,*,,,,#.........#
,,,,,,,,,*,,,,#.........#
,,,,,,,,,*,,,,#.........#
,,,,,,,,,+,,,,#.........#
**,,****,**####.........#
**,,####+###.....########
,*,,.....†.l.l.ll#
,*,,......l#####l#
,+,,....#P.,,,,#@#
**,,..#*#P.,,,,###
**,,.,**##.,,,,,*
,,,,,,*,,#.,,,****
,,,,,,*,,##****,,**********
**,,,,*,,,,,*,,,*,,,,,,,,,*
**,,>,*,,,,,*,,,+,,,,,,,,,*
*,,,,,*,,,,,*,,,*,,,,,,,,,*
*,,,,,*,,,,,*,,,*,,,,,,,,,*


You could see an iguana and 2 frilled lizards.

Vanquished Creatures
  A necrophage (D:4)
  Jessica (D:2)
  4 adders
  4 dart slugs
  3 orcs
  5 ball pythons
  5 bats
  3 endoplasms
  2 giant cockroaches (D:2)
  2 goblins
  8 hobgoblins
  5 jackals (D:1)
  5 kobolds
  5 quokkas
  4 frilled lizards (D:4)
  2 rats
59 creatures vanquished.

Vanquished Creatures (others)
  9 plants (D:4)
9 creatures vanquished.

Grand Total: 68 creatures vanquished

Notes
Turn   | Place    | Note
-------+----------+-------------------------------------------
     0 | D:1      | HoaS the Tengu Hunter began the quest for the Orb.
     0 | D:1      | Reached XP level 1. HP: 12/12 MP: 2/2
   125 | D:1      | Reached XP level 2. HP: 17/17 MP: 3/3
   178 | D:1      | Reached skill level 5 in Crossbows
   460 | D:1      | Reached XP level 3. HP: 18/21 MP: 4/4
  1077 | D:2      | You fall into a shaft and drop 1 floor!
  1176 | D:2      | Identified the +9 hand axe of Dawn {freeze, rC++ rCorr}
  1322 | D:2      | Noticed Jessica
  1323 | D:2      | Killed Jessica
  1324 | D:2      | Reached skill level 6 in Crossbows
  1324 | D:2      | Reached XP level 4. HP: 26/26 MP: 5/5
  1910 | D:3      | Found a faded altar of an unknown god.
  2576 | D:3      | Gained mutation: Your magical nature lets you fly swiftly
                  | and evasively. [Tengu growth]
  2576 | D:3      | Reached XP level 5. HP: 21/30 MP: 6/6
  2822 | D:4      | Found a hide-covered altar of Uskayaw.
  2826 | D:4      | Found a hazy altar of Hepliaklqana.
  2847 | D:4      | Reached skill level 7 in Crossbows
  2917 | D:4      | Slain by an iguana

Illustrated notes

Levels and vault maps discovered:
D:1:      elethiomel_arrival_quiet, layout_loops_corners,
          minmay_misc_feat_cross, lemuel_old_faithful
D:2:      layout_basic, corexii_shack, uniq_jessica
D:3:      layout_loops_corners, basic_ecumenical_altar
D:4:      kennysheep_spiral_hall, layout_gridville,
          mainiacjoe_overflow_big_doors, minmay_lizard_king

Skill      XL: |  1  2  3  4  5 |
---------------+----------------+-----
Crossbows      | 5 6 7 |  7.5
Fighting       | |  2.0
Dodging        | |  2.1
Stealth        | |  1.0

Action                   |  1- 3 |  4- 6 || total
-------------------------+-------+-------++-------
 Fire: Hand crossbow     |    78 |   118 ||   196
  Use: Scroll            |       |     9 ||     9
Armor: Leather armour    |     9 |    25 ||    34
Dodge: Dodged            |    30 |    38 ||    68

Table legend: (Time is in decaauts)
 A = Elapsed time spent in this place.
 B = Non-inter-level travel time spent in this place.
 C = Inter-level travel time spent in this place.
 D = Time resting spent in this place.
 E = Time spent auto-exploring this place.
 F = Levels seen in this place.
 G = Mean time per level.
                   A        B        C        D        E       F      G
               +--------+--------+--------+--------+--------+-----+--------+
         Total |   2943 |   2838 |    105 |    530 |   1888 |   4 |  735.8 |
       Dungeon |   2943 |   2838 |    105 |    530 |   1888 |   4 |  735.8 |
               +--------+--------+--------+--------+--------+-----+--------+

Top non-repeatable levels by time:
     D:1: 1076 daAuts
     D:3: 920 daAuts
     D:2: 816 daAuts
     D:4: 129 daAuts
